 Dungeon Crawl Stone Soup version 0.28.0-45-g0d030f2227 (webtiles) character file.

Game seed: 12593617774917657097

281 bobregger the Skirmisher (level 6, 0/67 HPs)
             Began as an Ogre Berserker on Apr 21, 2022.
             Was a Follower of Trog.
             Slain by an unseen horror (8 damage)
             ... on level 5 of the Dungeon.
             The game lasted 00:04:48 (4095 turns).

bobregger the Skirmisher (Ogre Berserker)           Turns: 4095, Time: 00:04:50

Health: 0/67       AC:  4    Str: 19 (22) XL:     6   Next: 27%
Magic:  0/6        EV: 10    Int:  5 (8)  God:    Trog [*.....]
Gold:   196        SH:  0    Dex:  9 (10) Spells: 5/5 levels left

rFire   . . .      SeeInvis .   a - +1 mace
rCold   . . .      Faith    .   (no shield)
rNeg    . . .      Spirit   +   b - +0 animal skin
rPois   .          Reflect  .   (helmet restricted)
rElec   .          Harm     .   m - +0 cloak
rCorr   .          Rampage  .   (gloves unavailable)
Will    .....                   (boots unavailable)
Stlth   +.........              s - amulet of guardian spirit
HPRegen 0.21/turn               (no ring)
MPRegen 0.10/turn               (no ring)

@: on berserk cooldown, slowed, very slow
A: large, unfitting armour, tough skin 1
a: Renounce Religion, Berserk


You were on level 5 of the Dungeon.
You worshipped Trog.
Trog was aware of your devotion.
You visited 1 branch of the dungeon, and saw 5 of its levels.

You collected 196 gold pieces.

Inventory:

Hand Weapons
 a - a +1 mace (weapon)
Armour
 b - a +0 animal skin (worn)
 m - a +0 cloak (worn)
Jewellery
 s - an amulet of guardian spirit (around neck)
Wands
 q - a wand of mindburst (13)
Scrolls
 c - a scroll of brand weapon {unknown}
 d - a scroll of amnesia {unknown}
 f - a scroll of acquirement {unknown}
 g - a scroll of enchant armour {unknown}
 j - 3 scrolls of enchant weapon
 k - a scroll of identify {unknown}
 o - a scroll of blinking {unknown}
Potions
 h - 3 potions of curing {unknown}
 i - a potion of ambrosia {unknown}
 l - a potion of flight {unknown}
 n - a potion of cancellation {unknown}
 p - 3 potions of heal wounds {unknown}
 r - a potion of brilliance {unknown}
 t - a potion of berserk rage {unknown}


   Skills:
 + Level 5.8 Fighting
 + Level 4.0 Maces & Flails
 * Level 4.5 Dodging


You had 5 spell levels left.
You didn't know any spells.
Your spell library was empty.

Dungeon Overview and Level Annotations

Branches:
Dungeon (5/15)
 Temple: D:4-7

Altars:

Shops:
D:2 :


Innate Abilities, Weirdness & Mutations

You are too large for most types of armour.
You have tough skin. (AC +1)


Message History

The quokka barely misses you.
You hit the quokka.
You kill the quokka!
Trog accepts your kill. Something hits you.
Something hits you but does no damage.
You see here a quokka corpse.
Something hits you. Something hits you but does no damage. Something hits you.
Something hits you. Something hits you! Something hits you. Something hits you.
A red film seems to cover your vision as you go berserk!
You feel yourself moving faster!
You feel mighty! Something hits you!
You sock something! Something hits you but does no damage.
Something completely misses you. Something hits you!
You feel a strong urge to attack something.
Something hits you but does no damage. Something hits you.
You feel your anger nearly subside. Something hits you!
You are no longer berserk.
You are exhausted.
You feel yourself slow down.
You hit something. Something hits you. Something hits you but does no damage.
Something hits you. Something hits you!
* * * LOW HITPOINT WARNING * * *
You completely miss something. Something hits you.
* * * LOW HITPOINT WARNING * * *
Something hits you but does no damage.
It was a potion of degeneration.
There was something very wrong with that liquid.
You feel weakened.
You feel dopey.
You feel clumsy. Something hits you.
* * * LOW HITPOINT WARNING * * *
Something hits you!
You die...

... ... #.#######
... #.........#
#.. #.........#
... #.........# .
... #.........#
..##.###.........#
....>...@........#
.................#
##.......†.<.....#
#...............#
#...............#
#######..########
....# ####.# #..


There were no monsters in sight!

Vanquished Creatures
  An orc priest (D:3)
  A hound (D:4)
  Natasha (thrice) (D:4)
  An orc wizard (D:3)
  7 adders
  A worm (D:2)
  A dart slug (D:1)
  5 orcs
  6 ball pythons
  7 endoplasms
  2 giant cockroaches (D:3)
  6 goblins
  2 hobgoblins
  A quokka (D:5)
  6 bats
  3 frilled lizards
  4 kobolds
  3 rats
60 creatures vanquished.

Notes
Turn   | Place    | Note
-------+----------+-------------------------------------------
     0 | D:1      | bobregger the Ogre Berserker began the quest for the Orb.
     0 | D:1      | Reached XP level 1. HP: 24/24 MP: 1/1
   298 | D:1      | Reached XP level 2. HP: 32/32 MP: 2/2
  1215 | D:2      | Reached XP level 3. HP: 31/40 MP: 3/3
  1508 | D:2      | Found Yly Ber's Book Shop.
  1966 | D:2      | Reached XP level 4. HP: 49/49 MP: 4/4
  1969 | D:2      | Reached skill level 5 in Fighting
  2549 | D:3      | Reached XP level 5. HP: 57/57 MP: 5/5
  3536 | D:4      | Noticed Natasha
  3601 | D:4      | Killed Natasha
  3602 | D:4      | Reached XP level 6. HP: 67/67 MP: 6/6
  3734 | D:4      | Noticed Natasha
  3738 | D:4      | Killed Natasha
  3842 | D:4      | Noticed Natasha
  3849 | D:4      | Killed Natasha
  4072 | D:5      | Entered Level 5 of the Dungeon
  4095 | D:5      | Slain by an unseen horror

Illustrated notes

Levels and vault maps discovered:
D:1:      scummos_arrival_checkerplants, layout_basic, grunt_decor_fettered
D:2:      layout_loops_ring, serial_shops, nicolae_square_shop, st_stairs_8
D:3:      layout_basic
D:4:      layout_rooms, uniq_natasha
D:5:      layout_basic, eat_drink_and_be_merry_uskayaw

Skill      XL: |  1  2  3  4  5  6 |
---------------+-------------------+-----
Maces & Flails | 3 4 |  4.0
Dodging        | 3 4 |  4.5
Fighting       | 5 |  5.8

Action                   |  1- 3 |  4- 6 || total
-------------------------+-------+-------++-------
Melee: Mace              |    81 |   124 ||   205
       Punch             |     1 |       ||     1
Invok: Berserk           |     2 |     5 ||     7
  Use: Scroll            |       |     1 ||     1
       Potion            |       |     1 ||     1
 Stab: Sleeping          |       |     1 ||     1
Armor: Animal skin       |    29 |    39 ||    68
Dodge: Dodged            |    46 |    67 ||   113
